 Dungeon Crawl Stone Soup version 0.21-a0-154-gb5400c9 (webtiles) character file.

27 Charly the Skirmisher (level 3, -1/30 HPs)
             Began as a Gnoll Abyssal Knight on Aug 2, 2017.
             Was a Follower of Lugonu.
             Killed by nerve-wracking pain
             ... invoked by Jessica
              (11 damage)
             ... on level 3 of the Dungeon.
             The game lasted 00:07:39 (774 turns).

Charly the Skirmisher (Gnoll Abyssal Knight)         Turns: 774, Time: 00:07:40

Health: -1/30      AC:  5    Str:  7    XL:     3   Next: 10%
Magic:  5/5        EV:  9    Int:  7    God:    Lugonu [*.....]
Gold:   45         SH:  0    Dex:  7    Spells: 2/2 levels left

rFire    . . .     SeeInvis .   a - +1 falchion
rCold    . . .     Gourm    .   (no shield)
rNeg     . . .     Faith    .   h - +0 ring mail
rPois    .         Spirit   .   (no helmet)
rElec    .         Reflect  .   (no cloak)
rCorr    .         Harm     .   (no gloves)
MR       .....                  (no boots)
Stlth    ..........             (no amulet)
HPRegen  0.10/turn              (no ring)
MPRegen  0.09/turn              (no ring)

@: no status effects
A: unchanging attributes, fangs 1, strong nose
a: Depart the Abyss, Renounce Religion


You were on level 3 of the Dungeon.
You worshipped Lugonu.
Lugonu was aware of your devotion.
You were not hungry.

You visited 1 branch of the dungeon, and saw 3 of its levels.
You visited the Abyss 1 time.

You collected 45 gold pieces.

Inventory:

Hand Weapons
 a - a +1 falchion (weapon)
Missiles
 b - 7 javelins (quivered)
Armour
 h - a +0 ring mail (worn)
Scrolls
 d - a scroll of blinking {unknown}
 e - a scroll of enchant weapon {unknown}
 f - 2 scrolls of remove curse {unknown}
 m - a scroll of enchant armour {unknown}
 n - 2 scrolls of identify {unknown}
 o - a scroll of immolation {unknown}
 p - a scroll of fear {unknown}
 q - a scroll of fog {unknown}
 r - a scroll of teleportation {unknown}
Potions
 i - a potion of magic {unknown}
 j - a potion of brilliance {unknown}
 k - 2 potions of cancellation {unknown}
 l - a potion of curing
 s - a potion of flight {unknown}
Comestibles
 c - a bread ration
 g - a meat ration


   Skills:
 - Level 4.0 Fighting
 + Level 3.8 Long Blades
 - Level 2.6 Armour
 - Level 1.3 Dodging
 + Level 3.4 Invocations


You had 2 spell levels left.
You didn't know any spells.

Dungeon Overview and Level Annotations

Branches:
Dungeon (3/15)

Altars:
Dithmenos
Kikubaaqudgha
Zin

Annotations:
D:3 Jessica, Terence


Innate Abilities, Weirdness & Mutations

Your physical attributes are unchanging.
You have very sharp teeth.
Your uncanny sense of smell can sniff out nearby items.


Message History

Aim: Jessica, wielding a dagger, wearing a robe and carrying a wand of flame (?/48) {zapped: 2} You throw a javelin.
The javelin hits Jessica.
Jessica is moderately wounded.
You completely miss Jessica.
Jessica is moderately wounded.
Jessica casts a spell at you. Pain shoots through your body!
You hit Jessica.
Jessica is heavily wounded.
Jessica looks very angry.
Jessica zaps a wand.
The puff of flame hits you!
* * * LOW HITPOINT WARNING * * *
You hit Jessica.
Jessica is almost dead.
Jessica hits you with a dagger.
* * * LOW HITPOINT WARNING * * *
It was a potion of curing.
You feel better. Jessica gestures at you while chanting.
Pain shoots through your body!
You die...

# . 8# #
#. #.##.
#..(. #
#.$###.#
#..@@..#
#.#.####
# #..
#..#
#..#
#..#
#..#
#..#


You could see Jessica.

Vanquished Creatures
  A dart slug (D:2)
  A bat (D:1)
  A bat zombie (D:2)
  A giant cockroach (D:2)
  2 goblins (D:1)
  4 hobgoblins
  4 kobolds
  4 frilled lizards
  5 rats (D:1)
  2 rat zombies (D:2)
25 creatures vanquished.

Notes
Turn   | Place    | Note
-------+----------+-------------------------------------------
     0 | Abyss:1  | Charly the Gnoll Abyssal Knight began the quest for the Orb.
     0 | Abyss:1  | Reached XP level 1. HP: 19/19 MP: 2/2
    27 | Abyss:1  | Found a corrupted altar of Lugonu.
   128 | Abyss:1  | Noticed a blink frog
   133 | Abyss:1  | Noticed a small abomination
   139 | Abyss:1  | Noticed a demonic crawler
   142 | Abyss:1  | Noticed a tentacled starspawn
   148 | D:1      | Escaped the Abyss
   274 | D:1      | Reached XP level 2. HP: 13/25 MP: 4/4
   466 | D:2      | Found a shadowy altar of Dithmenos.
   472 | D:2      | Reached * piety under Lugonu
   478 | D:3      | Noticed Terence
   533 | D:3      | Noticed Jessica
   625 | D:1      | Reached XP level 3. HP: 15/30 MP: 5/5
   666 | D:2      | Found a glowing silver altar of Zin.
   745 | D:2      | Found an ancient bone altar of Kikubaaqudgha.
   774 | D:3      | Killed from afar by Jessica

Vault maps used:
D:1:      saegor_arrival_simple_c
D:2:      lemuel_round_altar, lemuel_crystal_altar,
          lemuel_zombie_altar_kikubaaqudgha, lemuel_coloured_pillars_altar,
          nicolae_underground_beach
D:3:      minitemple, portal_sewer_entry_a, uniq_grinder, uniq_terence,
          uniq_jessica

Skill      XL: |  1  2 |
---------------+-------+-----
Long Blades    | 3 |  3.8
Invocations    | 3 |  3.4
Fighting       | |  4.0
Armour         | |  2.6
Dodging        | |  1.3

Action                   || total
-------------------------++-------
Melee: Falchion          ||    78
       Bite              ||     6
Throw: Javelin           ||     1
Invok: Depart the Abyss  ||     1
  Use: Potion            ||     1
  Eat: Royal jelly       ||     1
Armor: Leather armour    ||     4
       Ring mail         ||    24
Dodge: Dodged            ||    45
       Rpst.: Falchion   ||    14
